 Dungeon Crawl Stone Soup version 0.21-a0-401-g0b6bec4 (webtiles) character file.

411 SoberR the Stinger (level 6, -2/56 HPs)
             Began as a Naga Venom Mage on Oct 25, 2017.
             Was an Initiate of Cheibriados.
             Slain by an orc warrior
             ... wielding a +0 long sword
              (7 damage)
             ... on level 5 of the Dungeon.
             The game lasted 00:24:16 (4196 turns).

SoberR the Stinger (Naga Venom Mage)                Turns: 4196, Time: 00:24:17

Health: -2/56      AC:  6    Str: 12    XL:     6   Next: 90%
Magic:  5/9        EV:  8    Int: 17    God:    Cheibriados [......]
Gold:   211        SH:  0    Dex: 13    Spells: 6/9 levels left

rFire    . . .     SeeInvis +   A - +9 sword of Zonguldrok {reap}
rCold    . . .     Gourm    .   (no shield)
rNeg     . . .     Faith    .   j - +0 ring mail
rPois    +         Spirit   .   x - +1 helmet
rElec    .         Reflect  .   (no cloak)
rCorr    .         Harm     .   (no gloves)
MR       .....                  (no barding)
Stlth    ++........             (no amulet)
HPRegen  0.18/turn              (no ring)
MPRegen  0.11/turn              (no ring)

@: very slow
A: see invisible, deformed body, poison resistance, slowness 2, slow metabolism
1, spit poison 1, AC +2
a: Spit Poison, Bend Time, Renounce Religion


You were on level 5 of the Dungeon.
You worshipped Cheibriados.
Cheibriados was noncommittal.
You were not hungry.

You visited 2 branches of the dungeon, and saw 6 of its levels.

You collected 211 gold pieces.

Inventory:

Hand Weapons
 d - a +0 dagger
 h - a +0 whip
 o - a -1 mace
 r - a +0 hunting sling
 y - a +0 flail
 A - the +9 sword of Zonguldrok (weapon) {reap}
   (You found it on level 5 of the Dungeon)

   If a monster killed with it leaves a corpse in good enough shape, the corpse
   will be animated as a zombie friendly to the killer.
Missiles
 e - 22 arrows
 n - 16 poisoned needles (quivered)
Armour
 a - a +0 robe
 j - a +0 ring mail (worn)
 x - a +1 helmet (worn)
 B - a +0 cloak
Jewellery
 w - a -2 ring of protection
Scrolls
 k - 2 scrolls of recharging {unknown}
 l - a scroll of enchant armour {unknown}
 p - 5 scrolls of identify {unknown}
 s - a scroll of fear {unknown}
 t - a scroll of blinking {unknown}
 u - a scroll of fog {unknown}
 z - a scroll of remove curse
Potions
 f - 3 potions of flight {unknown}
 i - a potion of agility {unknown}
 m - a potion of brilliance {unknown}
 q - 4 potions of curing {unknown}
 v - a potion of degeneration {unknown}
 C - 2 potions of cancellation {unknown}
Books
 b - a Young Poisoner's Handbook

   Spells                             Type                      Level
   a - Sting                          Conjuration/Poison           1
   b - Poisonous Vapours              Poison/Air                   2
   c - Mephitic Cloud                 Conjuration/Poison/Air       3
   d - Olgreb's Toxic Radiance        Poison                       4
   e - Venom Bolt                     Conjuration/Poison           5
Comestibles
 c - 5 bread rations
 g - 2 meat rations


   Skills:
 - Level 3.3 Fighting
 * Level 1.2 Long Blades
 - Level 2.6 Maces & Flails
 - Level 1.8 Dodging
 + Level 5.3 Stealth
 - Level 2.1 Spellcasting
 - Level 1.1 Conjurations
 + Level 5.9 Poison Magic


You had 6 spell levels left.
You knew the following spells:

 Your Spells              Type           Power        Failure   Level  Hunger
a - Sting                 Conj/Pois      ##..         10%         1    #......
b - Poisonous Vapours     Pois/Air       ##....       19%         2    ###....


Dungeon Overview and Level Annotations

Branches:
Dungeon (5/15)             Temple (1/1) D:4

Altars:
Ashenzari
Cheibriados
Dithmenos
Elyvilon
Fedhas
Gozag
Hepliaklqana
Kikubaaqudgha
Makhleb
Nemelex Xobeh
Okawaru
Qazlal
Ru
Sif Muna
Uskayaw
Vehumet
Wu Jian
Xom
Yredelemnul
Zin
The Shining One

Annotations:
D:5 2 runed doors


Innate Abilities, Weirdness & Mutations

You cannot wear boots.
Your serpentine skin is tough. (AC +2)
You have supernaturally acute eyesight. (SInv)
Armour fits poorly on your strangely shaped body.
Your system is resistant to poisons. (rPois)
You cover ground very slowly.
You have a slow metabolism.
You can spit poison.


Message History

You slash the orc warrior!
The orc warrior is heavily wounded.
The orc warrior barely misses you.
The orc warrior hits you with a long sword!!
* * * LOW HITPOINT WARNING * * *
Casting: Sting
Confirm with . or Enter, or press ? or * to list all spells.
Aiming: Sting
Press: ? - help, Shift-Dir - straight line, f - orc warrior
Aim: an orc warrior, wielding a long sword and wearing a chain mail (heavily wounded)
The sting hits the orc warrior.
The orc warrior is heavily wounded.
The orc warrior hits you with a long sword.
* * * LOW HITPOINT WARNING * * *
You fail to use your ability.
The flow of time bends around you.
Cheibriados rebukes the orc warrior.
The orc warrior seems to slow down.
You feel slightly more hungry.
The orc warrior hits you with a long sword!
You die...

#.........#
..........##
...........#
.........<.#####..
..................
..................
.................#
######..##.....###
#@...##.###...##
#o####.#.####...##
#.#.#..#.........#
#.##.#.'.##''##...#
#. #######8..8##...
## #8....8#.#
#|.....# #......#
#8....8#


You could see an orc warrior.

Vanquished Creatures
  A crocodile (D:5)
  A water moccasin skeleton (D:5)
  A crimson imp (D:2)
  A hound (D:4)
  A centaur skeleton (D:4)
  A jelly (D:5)
  A bullfrog skeleton (D:5)
  A worker ant (D:4)
  4 adders
  A worm (D:4)
  6 dart slugs
  3 leopard geckos
  3 orcs
  3 giant cockroaches
  8 hobgoblins
  6 jackals
  4 bats
  5 frilled lizards
  8 goblins
  7 kobolds
  5 rats
71 creatures vanquished.

Notes
Turn   | Place    | Note
-------+----------+-------------------------------------------
     0 | D:1      | SoberR the Naga Venom Mage began the quest for the Orb.
     0 | D:1      | Reached XP level 1. HP: 15/15 MP: 3/3
   409 | D:1      | Reached XP level 2. HP: 22/22 MP: 1/5
  1083 | D:1      | Reached XP level 3. HP: 26/28 MP: 3/6
  1090 | D:1      | Learned a level 2 spell: Poisonous Vapours
  1123 | D:2      | Reached skill level 1 in Maces & Flails
  1226 | D:2      | Reached XP level 4. HP: 23/36 MP: 2/7
  2034 | D:3      | Reached skill level 1 in Fighting
  2557 | D:4      | Reached skill level 5 in Poison Magic
  2557 | D:4      | Reached XP level 5. HP: 30/45 MP: 4/8
  3102 | D:4      | Found a staircase to the Ecumenical Temple.
  3313 | Temple   | Entered the Ecumenical Temple
  3396 | Temple   | Became a worshipper of Cheibriados the Contemplative
  3542 | D:5      | Entered Level 5 of the Dungeon
  3934 | D:4      | Reached XP level 6. HP: 25/55 MP: 9/9
  4125 | D:5      | Found a large runed door.
  4125 | D:5      | Found a large runed door.
  4129 | D:5      | Found the +9 sword of Zonguldrok {reap}
  4131 | D:5      | Found a large runed door.
  4131 | D:5      | Found a large runed door.
  4138 | D:5      | Reached skill level 5 in Stealth
  4187 | D:5      | Noticed an orc warrior
  4187 | D:5      | Reached skill level 1 in Long Blades
  4196 | D:5      | Slain by an orc warrior

Vault maps used:
D:1:      lightli_arrival_lavapool
D:3:      first_bread
D:4:      minmay_temple_entry_statues
D:5:      minmay_hollow_rounded_squares, uniq_blork_the_orc
Temple:   nicolae_temple_the_god_donut

Skill      XL: |  1  2  3  4  5  6 |
---------------+-------------------+-----
Maces & Flails | 2 |  2.6
Fighting       | 1 2 3 |  3.3
Poison Magic   | 5 |  5.9
Stealth        | 4 5 |  5.3
Long Blades    | 1 |  1.2
Dodging        | |  1.8
Spellcasting   | |  2.1
Conjurations   | |  1.1

Action                   |  1- 3 |  4- 6 || total
-------------------------+-------+-------++-------
Melee: Dagger            |    13 |       ||    13
       Whip              |    92 |    71 ||   163
       Mace              |       |    39 ||    39
       Flail             |       |    22 ||    22
       Double sword      |       |    13 ||    13
 Cast: Sting             |    33 |    34 ||    67
       Poisonous Vapours |       |     7 ||     7
Invok: Bend Time         |       |     1 ||     1
 Abil: Spit Poison       |       |     1 ||     1
  Use: Scroll            |       |     2 ||     2
 Stab: Sleeping          |     1 |     2 ||     3
  Eat: Chunk             |     1 |     8 ||     9
       Bread ration      |       |     1 ||     1
Armor: Ring mail         |    42 |    50 ||    92
       Robe              |     5 |       ||     5
Dodge: Dodged            |    62 |    65 ||   127
       Rpst.: Double sword |       |     1 ||     1

Table legend:
 A = Spawn XP
 B = Non-spawn XP
 C = Spawn XP percentage of total XP
 D = Spawn monster count
 E = Non-spawn monster count
 F = Spawn count percentage of total count
 G = Total turns spent on level
                    A         B        C        D         E        F      G
               +---------+---------+-------+---------+---------+-------+---------
         Total |       0 |     588 |   0.0 |       0 |      71 |   0.0 |  4196
               +---------+---------+-------+---------+---------+-------+---------
           D:1 |       0 |      35 |   0.0 |       0 |      22 |   0.0 |  1077
           D:2 |       0 |      93 |   0.0 |       0 |      18 |   0.0 |   929
           D:3 |       0 |      66 |   0.0 |       0 |      19 |   0.0 |  1211
           D:4 |       0 |     144 |   0.0 |       0 |       7 |   0.0 |   768
           D:5 |       0 |     250 |   0.0 |       0 |       5 |   0.0 |    88
               +---------+---------+-------+---------+---------+-------+---------
